 Dungeon Crawl Stone Soup version 0.14.0-7-g2801ba0 (webtiles) character file.

141 Nidalee the Sneak (level 4, 0/21 HPs)
             Began as a Vine Stalker Wanderer on Apr 12, 2014.
             Succumbed to an adder's poison
             ... on Level 2 of the Dungeon.
             The game lasted 00:04:46 (1989 turns).

Nidalee the Sneak (Vine Stalker Wanderer)           Turns: 1989, Time: 00:04:46

HP   0/21        AC  2     Str 14      XL: 4   Next: 85%
MP   6/10        EV 11     Int 13      God:
Gold 34          SH  0     Dex 14      Spells:  0 memorised,  7 levels left

rFire  . . .     SeeInvis .     p - +0 dagger
rCold  . . .     Clarity  .     b - +0 robe
rNeg   . . .     Conserve .     (no shield)
rPois  .         rCorr    .     (no helmet)
rElec  .         rRot     +     (no cloak)
SustAb . .       Spirit   +     (no gloves)
rMut   .         Warding  .     (no boots)
Saprov . . .     Stasis   .     (no amulet)
MR     .....                    (no ring)
                                (no ring)

@: flying, lethally poisoned, not resistant to hostile enchantments, quite
stealthy
A: fangs 2, regeneration 1, magic shield, antimagic bite, no device heal
a: no special abilities


You were on level 2 of the Dungeon.
You were not hungry.

You visited 1 branch of the dungeon, and saw 2 of its levels.

You collected 34 gold pieces.


Innate Abilities, Weirdness & Mutations

You are immune to rotting.
You have extremely sharp teeth.
Your natural rate of healing is unusually fast.
When hurt, damage is shared between your health and your magic reserves.
Your bite disrupts and absorbs the magic of your enemies.
Potions and wands cannot restore your HP.


   Skills:
 + Level 5.9 Stealth
 - Level 2.1 Spellcasting
   Level 1.0 Summonings
   Level 2.0 Necromancy
   Level 3.0 Translocations
   Level 1.0 Evocations


You had 7 spell levels left.
You didn't know any spells.

Inventory:

Hand weapons
 c - a +0,+0 club
 j - a +0,+0 sling
 p - a +0,+0 dagger (weapon)
Missiles
 k - 16 steel darts (quivered)
 r - 24 sling bullets
Armour
 b - a +0 robe (worn)
 m - a cursed +0 pair of gloves
 s - a +0 buckler
Comestibles
 d - 2 bread rations
 t - a chunk of jackal flesh {@*1}
Scrolls
 e - 2 scrolls of noise {unknown}
 g - a scroll of enchant weapon I {unknown}
 i - 4 scrolls of identify {unknown}
 n - a scroll of recharging {unknown}
 q - a scroll of magic mapping {unknown}
 u - a scroll of remove curse {unknown}
Potions
 f - a potion of flight
 l - a potion of agility {unknown}
 o - a potion of porridge
Books
 a - a book of Minor Magic

   Spells                             Type                      Level
   Magic Dart                         Conjuration                  1
   Blink                              Translocation                2
   Call Imp                           Summoning                    2
   Repel Missiles                     Charms/Air                   2
   Slow                               Hexes                        2
   Conjure Flame                      Conjuration/Fire             3
   Mephitic Cloud                     Conjuration/Poison/Air       3

Dungeon Overview and Level Annotations

Branches:
Dungeon (2/15)

Altars:

▒▒▒··▒ ·····▒
▒▒▒·▒▒ ▒ ·▒ ▒▒▒ ·▒
▒·· ▒ ·▒ ▒·▒
▒▒▒▒▒▒▒·▒ ·▒ ▒·▒
▒·((·P··▒ ·▒ ▒·▒
▒(▒▒▒▒▒▒▒ ·▒ ▒·▒
▒·▒ ·▒ ▒▒▒·▒▒▒·▒
·▒▒▒▒▒·······▒
·····%·▒%······▒
▒▒▒▒▒▒▒▒▒▒▒▒▒▒·····
▒▒▒▒▒


There were no monsters in sight!


Message History

You feel better.
It was a potion of curing.
The adder bites you.
* * * LOW HITPOINT WARNING * * *
You are poisoned.
The adder poisons you!
You barely miss the adder. You bite the adder. You drain its power.
You feel invigorated.
The adder is severely wounded.
You feel sick. The adder closely misses you. The adder closely misses you.
You hit the adder.
The adder is severely wounded.
The adder barely misses you.
You hit the adder but do no damage.
The adder is severely wounded.
You feel sick. The adder barely misses you.
You hit the adder.
The adder is almost dead.
The adder bites you.
* * * LOW HITPOINT WARNING * * *
You are lethally poisoned!
The adder poisons you! The adder bites you.
You hit the adder. You bite the adder. You drain its power.
You feel invigorated.
You kill the adder!
* * * LOW HITPOINT WARNING * * *
You feel sick.
You see here a poisoned dart.
Unknown command.
* * * LOW HITPOINT WARNING * * *
You feel sick.
You die...

Action                   |  1- 3 |  4- 6 || total
-------------------------+-------+-------++-------
Melee: Club              |   150 |    35 ||   185
       Dagger            |       |    53 ||    53
  Use: Potion            |       |     2 ||     2
 Stab: Sleeping          |     4 |     4 ||     8
       Confused          |     1 |       ||     1

Vault maps used:
D:1:      scummos_arrival_star, hangedman_feature_mirror, minivault_24,
          kennysheep_decorative_pillar, serial_bayou_pond_c,
          kennysheep_minor_cross
D:2:      tgw_xom

Notes
Turn   | Place    | Note
--------------------------------------------------------------
     0 | D:1      | Nidalee, the Vine Stalker Wanderer, began the quest for the Orb.
     0 | D:1      | Reached XP level 1. HP: 9/9 MP: 5/5
    50 | D:1      | Reached skill level 2 in Stealth
   202 | D:1      | Reached XP level 2. HP: 11/13 MP: 5/7
   353 | D:1      | Reached skill level 3 in Stealth
   885 | D:2      | Reached XP level 3. HP: 16/16 MP: 9/9
   906 | D:2      | Reached skill level 4 in Stealth
  1316 | D:2      | Reached XP level 4. HP: 13/21 MP: 10/10
  1499 | D:2      | Reached skill level 5 in Stealth
  1985 | D:2      | HP: 2/21 [adder (2)]
  1989 | D:2      | Succumbed to an adder's poison

Vanquished Creatures
  7 adders (D:2)
  A giant gecko (D:2)
  2 bats (D:1)
  2 giant cockroaches (D:1)
  5 goblins (D:2)
  6 hobgoblins
  9 jackals
  3 quokkas (D:2)
  A giant newt (D:2)
  3 kobolds
  4 rats (D:1)
43 creatures vanquished.
